 Dungeon Crawl Stone Soup version 0.31.0-11-ge490571c62 (webtiles) character file.

Game seed: 16539043961840680467

1281 ssalbiz the Thaumaturge (level 8, -7/41 HPs)
             Began as a Deep Elf Conjurer on Feb 3, 2024.
             Mangled by a troll (9 damage)
             ... on level 6 of the Dungeon.
             The game lasted 00:11:44 (5210 turns).

ssalbiz the Thaumaturge (Deep Elf Conjurer)         Turns: 5210, Time: 00:11:44

Health: -7/41      AC:  6    Str:  4    XL:     8   Next: 29%
Magic:  23/23      EV: 12    Int: 26    God:
Gold:   246        SH:  0    Dex: 13    Spells: 15/26 levels left

rFire   + + .        K - +8 dagger of Cocytus {flame, SInv}
rCold   . . .        (no shield)
rNeg    . . .        J - +1 robe {rF+}
rPois   +            r - +1 helmet
rElec   .            (no cloak)
rCorr   .            y - +0 pair of gloves
SInv    +            (no boots)
Will    .....        w - amulet of magic regeneration
Stlth   ++           G - ring of protection from fire
HPRegen 0.26/turn    L - ring of poison resistance
MPRegen 0.58/turn

%: no passive effects
@: no status effects
A: no striking features
a: no special abilities


You were on level 6 of the Dungeon.
You visited 2 branches of the dungeon, and saw 7 of its levels.

You collected 270 gold pieces.
You spent 24 gold pieces at shops.

Inventory:

Hand Weapons
 A - the +2 dagger "Saoqeora" {freeze, rF+ rN++ Int-4 Dex+2}
   (You found it on level 4 of the Dungeon)

   Int-4:     It affects your intelligence (-4).
   Dex+2:     It affects your dexterity (+2).
   rF+:       It protects you from fire.
   rN++:      It greatly protects you from negative energy.
 K - the +8 dagger of Cocytus (weapon) {flame, SInv}
   (You found it on level 6 of the Dungeon)

   SInv:      It lets you see invisible.
Missiles
 E - a throwing net
Armour
 r - a +1 helmet (worn)
 y - a +0 pair of gloves (worn)
 J - a +1 robe of fire resistance (worn)
Jewellery
 s - the ring "Foilaen" {rC+ Str+3 Int-5 SInv}
   (You found it on level 3 of the Dungeon)

   [ring of see invisible]

   Str+3:     It affects your strength (+3).
   Int-5:     It affects your intelligence (-5).
   rC+:       It protects you from cold.
   SInv:      It lets you see invisible.
 w - an amulet of magic regeneration (around neck)
 z - a ring of flight
 F - the ring "Igriheno" {+Blink Fly rF++ Will- AC+4}
   (You found it on level 5 of the Dungeon)

   [ring of protection]

   AC+4:      It affects your AC (+4).
   rF++:      It greatly protects you from fire.
   Will-:     It decreases your willpower.
   Fly:       It grants you flight.
   +Blink:    It lets you blink.
 G - a ring of protection from fire (left hand)
 L - a ring of poison resistance (right hand)
Wands
 n - a wand of flame (11)
Scrolls
 d - a scroll of enchant weapon {unknown}
 e - a scroll of vulnerability {unknown}
 g - a scroll of teleportation {unknown}
 h - a scroll of brand weapon {unknown}
 j - 4 scrolls of identify {unknown}
 l - 2 scrolls of amnesia {unknown}
 m - a scroll of acquirement {unknown}
 o - 2 scrolls of fog {unknown}
 p - 4 scrolls of enchant armour {unknown}
 q - a scroll of silence {unknown}
 u - a scroll of fear {unknown}
 v - a scroll of blinking {unknown}
 x - a scroll of revelation {unknown}
 I - 2 scrolls of torment {unknown}
 M - a scroll of butterflies {unknown}
Potions
 a - a potion of lignification {unknown}
 b - 2 potions of magic
 c - a potion of ambrosia {unknown}
 f - 3 potions of heal wounds {unknown}
 i - a potion of curing {unknown}
 k - 2 potions of haste {unknown}
 t - a potion of cancellation {unknown}
 B - a potion of might {unknown}
 C - 2 potions of brilliance {unknown}
 H - a potion of mutation {unknown}


   Skills:
 + Level 0.0 Fighting
 + Level 2.4 Dodging
 + Level 2.4 Stealth
 - Level 9.8 Spellcasting
 - Level 9.0 Conjurations
 + Level 0.0 Alchemy


You had 15 spell levels left.
You knew the following spells:

 Your Spells              Type           Power      Damage    Failure   Level
a - Magic Dart            Conj           100%       1d8       1%          1
b - Searing Ray           Conj           100%       2d8       1%          2
c - Fulminant Prism       Conj/Alch      18%        3d10      8%          4
d - Iskenderun's Mystic   Conj/Tloc      36%        2d9       8%          4

Your spell library contained the following spells:

 Spells                   Type           Power      Damage    Failure   Level
 Kiss of Death            Conj/Necr      100%       2d13      1%          1
 Ensorcelled Hibernation  Hex/Ice        24%        N/A       7%          2
 Sublimation of Blood     Necr           12%        N/A       7%          2
 Confusing Touch          Hex            12%        N/A       14%         3
 Fugue of the Fallen      Necr           12%        N/A       14%         3
 Irradiate                Conj/Alch      18%        3d17      21%         5
 Anguish                  Hex/Necr       6%         N/A       43%         4
 Dispel Undead            Necr           12%        3d9       43%         4
 Petrify                  Alch/Erth      12%        N/A       43%         4


Dungeon Overview and Level Annotations

Branches:
Dungeon (6/15)             Temple (1/1) D:6

Altars:
Ashenzari
Dithmenos
Fedhas
Kikubaaqudgha
Makhleb
Ru
Xom
The Shining One

Shops:
D:4 (


Message History

You start resting.
Magic restored.
Things that are here:
a +0 dagger; 2 poisoned darts; a kobold corpse
Casting: Searing Ray (safe; 1% risk of failure)
Confirm with . or Enter, or press ? or * to list all spells.
Okay, then.
Unknown command.
Unknown command.
Unknown command.
As you open the door, it creaks loudly!
There is an open door here.
Found a stone staircase leading up.
p - 4 scrolls labelled DUCISE TARHITARYI (gained 1)
A troll comes into view.
A troll is nearby!
The troll shouts!
The troll closely misses you. The troll claws you! The troll claws you.
You hit the troll. You burn the troll.
The troll is lightly wounded.
The troll bites you!
* * * LOW HITPOINT WARNING * * *
The troll completely misses you. x2
Throw: 2 darts (curare)
Press: ? - help, Q - select action, (/) - cycle Shift-Dir - straight line, f - troll
Aim: a troll (lightly wounded, 52% to hit)
You throw a curare-tipped dart.
The curare-tipped dart barely misses the troll.
The troll bites you!
* * * LOW HITPOINT WARNING * * *
The troll closely misses you. The troll misses you.
Throw: dart (curare)
Press: ? - help, Q - select action, (/) - cycle Shift-Dir - straight line, f/p - troll
Aim: a troll (lightly wounded, 52% to hit)
You throw a curare-tipped dart. The curare-tipped dart hits the troll.
The troll is poisoned.
The troll struggles to breathe.
The troll seems to slow down.
The troll is lightly wounded.
The troll closely misses you. The troll claws you!
You die...

#.#######
#......<#
#.#######
#######.#
#.......#
####.#############
.......#........(#
.#...#.#.#######T#
.#...#.#.#######@#
.#...#.#.#.......#
.#.#.#.#.#.#######
##.......#.#
...#.#...#.#
.....###.#.######
#.#...............
.........#.#######
####"#.#.#.#


You could see a troll (very poisoned, slow).

Vanquished Creatures
  2 ice beasts
  A black bear (D:4)
  An ogre (D:5)
  A centaur (D:6)
  2 phantoms
  A kobold brigand (D:6)
  A bullfrog (D:6)
  A howler monkey (D:6)
  A bombardier beetle (D:6)
  3 hounds
  An orc priest (D:5)
  2 jellies
  2 iguanas (D:6)
  A sleepcap (D:6)
  4 orc wizards
  2 adders
  A shadow imp (D:5)
  A white imp (D:5)
  2 ufetubi (D:5)
  3 dart slugs
  A ribbon worm (D:2)
  14 orcs
  A bat (D:2)
  7 endoplasms
  4 giant cockroaches
  8 goblins
  6 hobgoblins
  3 quokkas (D:5)
  3 training dummies (D:4)
  5 ball pythons
  2 frilled lizards (D:1)
  10 kobolds
  5 rats
102 creatures vanquished.

Notes
Turn   | Place    | Note
-------+----------+-------------------------------------------
     0 | D:1      | ssalbiz the Deep Elf Conjurer began the quest for the Orb.
     0 | D:1      | Reached XP level 1. HP: 10/10 MP: 6/6
    90 | D:1      | Found a faded altar of an unknown god.
   272 | D:1      | Reached XP level 2. HP: 15/15 MP: 4/8
   319 | D:1      | Learned a level 2 spell: Searing Ray
   829 | D:1      | Reached XP level 3. HP: 19/19 MP: 8/10
   979 | D:2      | Reached skill level 5 in Conjurations
  1839 | D:3      | Noticed an ice beast
  1950 | D:3      | Identified the ring "Foilaen" {rC+ Str+3 Int-5 SInv}
  2432 | D:3      | Found a sacrificial altar of Ru.
  2772 | D:4      | Reached XP level 4. HP: 24/24 MP: 10/12
  2781 | D:4      | Learned a level 4 spell: Fulminant Prism
  2786 | D:4      | Learned a level 4 spell: Iskenderun's Mystic Blast
  2828 | D:4      | Noticed a black bear
  2886 | D:4      | Identified the +2 dagger "Saoqeora" {freeze, rF+ rN++ Int-4
                  | Dex+2}
  2926 | D:4      | Reached skill level 5 in Spellcasting
  3025 | D:4      | Reached XP level 5. HP: 28/28 MP: 8/14
  3191 | D:4      | Found Vilyist's Firing Range.
  3200 | D:4      | Bought 2 curare-tipped darts for 24 gold pieces
  3252 | D:4      | Killed a black bear
  3374 | D:5      | Entered Level 5 of the Dungeon
  3449 | D:5      | Reached XP level 6. HP: 32/32 MP: 14/17
  3492 | D:5      | Identified the ring "Igriheno" {+Blink Fly rF++ Will- AC+4}
  3718 | D:5      | Noticed an ice beast
  3779 | D:5      | Killed an ice beast
  3963 | D:5      | Reached XP level 7. HP: 36/36 MP: 17/20
  4165 | D:5      | Found a blossoming altar of Fedhas.
  4583 | D:6      | Found a staircase to the Ecumenical Temple.
  4587 | D:6      | Identified the +8 dagger of Cocytus {flame, SInv}
  4598 | Temple   | Entered the Ecumenical Temple
  4798 | D:6      | Reached XP level 8. HP: 22/41 MP: 23/23
  5204 | D:6      | Noticed a troll
  5209 | D:6      | HP: 2/41 [troll (11)]
  5210 | D:6      | Mangled by a troll

Illustrated notes

Levels and vault maps discovered:
D:1:      matt_arrival_los_fun, layout_basic,
          shapermc_ecumenical_altar_starsandcircs
D:2:      layout_loops_ring, minmay_distorted
D:3:      layout_loops_ring, mainiacjoe_overflow_six_doors_small
D:4:      layout_cave_pools, serial_bayou, serial_bayou_pond_a,
          serial_bayou_pond_e, serial_bayou_shore_a, serial_bayou_pond_d,
          small_statue_intersection, minmay_crystal_water,
          nicolae_shop_firing_range
D:5:      layout_basic, fedhas_altar_3, serial_bayou_pond_a, serial_park_tiny_2,
          minmay_puff
D:6:      minmay_evil_eye, layout_basic, minmay_temple_entry_overgrown
Temple:   nicolae_temple_two_arcs

Skill      XL: |  1  2  3  4  5  6  7  8 |
---------------+-------------------------+-----
Spellcasting   | 4 5 6 7 9 |  9.8
Conjurations   | 5 6 7 8 9 |  9.0
Dodging        | |  2.4
Stealth        | |  2.4

Action                     |  1- 3 |  4- 6 |  7- 9 || total
---------------------------+-------+-------+-------++-------
  Melee: Dagger            |     6 |       |    11 ||    17
  Throw: Dart              |       |     2 |     2 ||     4
   Cast: Magic Dart        |    70 |    51 |    16 ||   137
         Searing Ray       |     6 |    12 |    18 ||    36
   Stab: Sleeping          |     1 |       |     3 ||     4
 Armour: Robe              |     2 |     6 |    23 ||    31
  Dodge: Dodged            |     4 |     3 |    23 ||    30
